Map: Coda LE (Void)

Players

MukifoTV

  • Race: Terran Terran

AgCl - Winner!

  • Race: Protoss Protoss

VOD

Have the link to the VOD?

Description

Time

  • Played on: May 1, 2015, 8:06 p.m.
  • Length: 5:15
Show
View Real Time Build Order
Export as new Build Order

MukifoTV Terran 

Build Orders: Cyclone Opening 

Get SALT Encoding   

  12  0:01  SCV  
  13  0:13  SCV  
  14  0:18  Supply Depot  
  14  0:25  SCV  
  15  0:42  Barracks  
  15  0:50  Refinery x2  
  15  0:55  SCV  
  16  1:07  SCV  
  17  1:19  SCV  
  18  1:31  Marine  
  18  1:32  SCV, Supply Depot  
  20  1:48  Marine  
  20  1:50  Factory  
  21  2:02  Orbital Command  
  21  2:14  Barracks Reactor  
  21  2:28  SCV  
  22  2:39  Factory Tech Lab  
  22  2:41  SCV  
  23  2:51  Starport, Marine  
  23  2:52  Marine  
  23  2:53  SCV  
  23  2:58  Cyclone  
  29  3:02  Supply Depot  
  29  3:09  Marine x2  
  31  3:27  Marine x2  
  31  3:30  Cyclone  
  26  4:18  SCV  
  27  4:24  Missile Turret  
  27  4:27  Starport Tech Lab  
  27  4:30  Viking  
  29  5:04  Command Center  
Show
View Real Time Build Order
Export as new Build Order

AgCl Protoss - Winner!

Build Orders: Oracle Opening, Oracle Opening 

Get SALT Encoding   

  12  0:07  Probe  
  13  0:19  Probe  
  14  0:29  Pylon  
  14  0:45  Assimilator  
  14  0:50  Probe  
  14  0:51  Gateway  
  15  1:02  Probe  
  16  1:13  Pylon  
  16  1:14  Probe  
  17  1:26  Probe  
  17  1:27  Assimilator  
  18  1:38  Zealot (Chrono Boost)  
  18  1:39  Probe  
  21  1:45  Cybernetics Core  
  21  1:51  Probe  
  22  2:03  Probe (Chrono Boost)  
  23  2:12  Probe (Chrono Boost)  
  24  2:20  Probe  
  25  2:28  Stargate  
  25  2:34  Mothership Core  
  25  2:35  Pylon  
  27  2:56  Probe (Chrono Boost)  
  28  3:01  Nexus  
  28  3:09  Probe (Chrono Boost)  
  29  3:13  Oracle (Chrono Boost)  
  29  3:18  Probe (Chrono Boost)  
  33  3:25  Forge  
  33  3:28  Probe  
  34  3:42  Void Ray (Chrono Boost)  
  34  4:13  Probe (Chrono Boost)  
  36  4:24  Probe (Chrono Boost)  
  36  4:28  Void Ray (Chrono Boost)  
  36  4:31  Probe (Chrono Boost)  
  41  4:33  Twilight Council, Probe (Chrono Boost)  
  41  4:38  Probe (Chrono Boost)  
  43  4:41  Probe (Chrono Boost)  
  44  4:52  Assimilator  
  46  4:53  Probe (Chrono Boost)  
  46  4:55  Probe (Chrono Boost)  
  46  4:56  Pylon, Assimilator  
  47  5:00  Probe (Chrono Boost)  
  47  5:01  Probe (Chrono Boost)  
Tags
 
Add a new tag
Caveats
  • Supply blocks, unpowered buildings, or Contaminate may cause inaccurate times.
  • Supply counts are checked every 10 seconds.